 Dungeon Crawl Stone Soup version 0.16-a0-621-gdc21f72 (webtiles) character file.

851 Ratboiler the Covert (level 8, -2/47 HPs)
             Began as an Octopode Enchanter on Sept 17, 2014.
             Was a Follower of Ashenzari.
             Slain by a gnoll
             ... wielding a +0 club
              (8 damage)
             ... on Level 6 of the Dungeon.
             The game lasted 00:19:20 (5956 turns).

Ratboiler the Covert (Octopode Enchanter)           Turns: 5956, Time: 00:19:20

HP  -2/47        AC  1     Str  8      XL: 8   Next:  1%
MP  13/22        EV 12     Int 20      God: Ashenzari [*.....]
Gold 213         SH  0     Dex 12      Spells:  4 memorised,  2 levels left

rFire  . . .     SeeInvis .     b - +3 quarterstaff (chaos)
rCold  . . .     Clarity  .     (no shield)
rNeg   . . .     rCorr    .     (helmet restricted)
rPois  .         rRot     .     z - amulet of resist mutation
rElec  .         Spirit   .     t - ring of magical power
SustAb .         Warding  .     B - +1 ring of intelligence
rMut   +         Stasis   .     u - ring of invisibility
Gourm  .                        (no ring)
MR     .....                    (no ring)
                                (no ring)
                                (no ring)
                                (no ring)

@: very slightly contaminated, not resistant to hostile enchantments, quite
stealthy
A: almost no armour, amphibious, 8 rings, constrict 8, camouflage 1, gelatinous
body 1
a: Renounce Religion, Evoke Invisibility


You were on level 6 of the Dungeon.
You worshipped Ashenzari.
Ashenzari was aware of your devotion.
You were hungry.

You visited 1 branch of the dungeon, and saw 6 of its levels.

You collected 213 gold pieces.

Inventory:

Hand weapons
 a - a +1 dagger
 b - a +3 quarterstaff of chaos (weapon)
Missiles
 s - 8 curare-tipped needles
Magical devices
 i - a wand of polymorph (4)
 w - a wand of disintegration (10)
Comestibles
 d - 2 bread rations
 g - 3 meat rations
Scrolls
 e - a scroll of blinking {unknown}
 f - a scroll of immolation
 h - 2 scrolls of recharging
 k - a scroll of amnesia
 m - a scroll of noise {unknown}
 n - a scroll of random uselessness {unknown}
 o - 3 scrolls of fog {unknown}
 q - a scroll of magic mapping {unknown}
 r - 4 scrolls of teleportation {unknown}
 v - a scroll of enchant weapon {unknown}
Jewellery
 j - an uncursed ring of magical power
 p - a cursed ring of teleportation
 t - a ring of magical power (left tentacle)
 u - a ring of invisibility (on tentacle)
 z - an amulet of resist mutation (around mantle)
 B - a +1 ring of intelligence (right tentacle)
Potions
 l - a potion of invisibility
 x - 2 potions of might
 y - 4 potions of curing
Books
 c - a book of Maledictions

   Spells                             Type                      Level
   *Corona                            Hexes                        1
   Sure Blade                         Hexes/Charms                 2
   *Ensorcelled Hibernation           Hexes/Ice                    2
   *Confuse                           Hexes                        3
   *Dazzling Spray                    Conjuration/Hexes            3
   Enslavement                        Hexes                        4


   Skills:
 + Level 0.4 Fighting
 + Level 5.5 Short Blades
 + Level 2.0 Dodging
 - Level 8.9 Stealth
 - Level 2.0 Spellcasting
 * Level 4.6 Hexes
 + Level 0.2 Evocations


You had 2 spell levels left.
You knew the following spells:

 Your Spells              Type           Power        Failure   Level  Hunger
a - Corona                Hex            ###....      2%          1    #......
b - Ensorcelled Hibernat  Hex/Ice        ##....       12%         2    ##.....
c - Confuse               Hex            ###.....     10%         3    ###....
d - Dazzling Spray        Conj/Hex       ##......     21%         3    ###....


Dungeon Overview and Level Annotations

Branches:
Dungeon (6/15)             Temple (0/1) D:5

Altars:
Ashenzari
Cheibriados
Dithmenos
Elyvilon
Makhleb
Qazlal
Ru
Trog
Xom
Yredelemnul
The Shining One

Annotations:
D:4 Ratboiler's ghost, average OpEn


Innate Abilities, Weirdness & Mutations

You cannot wear most types of armour.
You are amphibious.
You can wear up to eight rings at the same time.
You can use your tentacles to constrict many enemies at once.
Your skin changes colour to match your surroundings (Stealth).
Your rubbery body absorbs attacks (AC +1).


Message History

You constrict the gnoll. The gnoll closely misses you.
It is briefly surrounded by a scintillating aura of random colours.
b - a +3 quarterstaff of chaos (weapon)
You constrict the gnoll. You hit the gnoll.
The gnoll is poisoned.
The gnoll is severely wounded.
You constrict the gnoll.
You kill the gnoll!
You closely miss the gnoll. You grab the gnoll.
The gnoll is lightly wounded.
You constrict the gnoll. The gnoll misses you. The gnoll hits you with a club!
* * * LOW HITPOINT WARNING * * *
You hit the gnoll.
The gnoll is heavily wounded.
You constrict the gnoll. The gnoll hits you with a club!
* * * LOW HITPOINT WARNING * * *
You completely miss the gnoll.
The gnoll is heavily wounded.
You constrict the gnoll. The gnoll hits you with a club!
You die...

## #.. #.##########.# ####
#.##.%.......#
....#########.##.#########
###...........##.#######
.......%........@....>..#
#....).......#g###.#.#
#............#.# #.#.#
#............#.# #.#.#
#...........<#.###.#.#
.(.............#.....#.#
#.##..(.............##.##
##.#######......[....# #.
#.......#####


You could see a gnoll.

Vanquished Creatures
  An ogre (D:4)
  A centaur (D:5)
  A goliath beetle (D:5)
  2 crimson imps (D:5)
  Crazy Yiuf (D:3)
  An orc priest (D:5)
  A giant frog skeleton (D:4)
  A hound (D:4)
  4 worker ants (D:4)
  Natasha (D:3)
  An orc wizard (D:5)
  An iguana (D:5)
  Ijyb (D:2)
  Jessica (D:2)
  Terence (D:3)
  A hound skeleton (D:4)
  4 gnolls (D:6)
  8 adders
  A shadow imp (D:5)
  A worm (D:2)
  6 oozes
  6 orcs
  16 bats
  9 giant cockroaches
  2 gnoll zombies (D:2)
  14 goblins
  11 hobgoblins
  8 kobolds
  A quokka (D:4)
  A ball python (D:2)
  4 giant geckos
  5 giant newts
  A goblin skeleton (D:5)
  2 goblin zombies (D:5)
  3 jackals (D:4)
  7 rats
  A rat skeleton (D:4)
131 creatures vanquished.

Notes
Turn   | Place    | Note
--------------------------------------------------------------
     0 | D:1      | Ratboiler, the Octopode Enchanter, began the quest for the Orb.
     0 | D:1      | Reached XP level 1. HP: 11/11 MP: 3/3
   332 | D:1      | Reached XP level 2. HP: 1/17 MP: 1/4
   336 | D:1      | Learned a level 2 spell: Ensorcelled Hibernation
  1214 | D:1      | Reached XP level 3. HP: 14/21 MP: 1/6
  1379 | D:2      | Reached skill level 5 in Stealth
  1393 | D:2      | Noticed Ijyb
  1402 | D:2      | Killed Ijyb
  1501 | D:2      | Noticed Jessica
  1510 | D:2      | Killed Jessica
  1510 | D:2      | Reached XP level 4. HP: 27/27 MP: 7/7
  1521 | D:2      | Learned a level 3 spell: Confuse
  1628 | D:2      | Found a bloodstained altar of Trog.
  1800 | D:2      | Reached skill level 6 in Stealth
  1876 | D:2      | Reached XP level 5. HP: 31/31 MP: 9/9
  1926 | D:2      | Found a basalt altar of Yredelemnul.
  2283 | D:3      | Found a shattered altar of Ashenzari.
  2286 | D:3      | Found a burning altar of Makhleb.
  2287 | D:3      | Found a sacrificial altar of Ru.
  2287 | D:3      | Found a stormy altar of Qazlal.
  2312 | D:3      | Became a worshipper of Ashenzari the Shackled
  2548 | D:3      | Noticed Terence
  2554 | D:3      | Killed Terence
  2681 | D:3      | Noticed Crazy Yiuf
  2696 | D:3      | Killed Crazy Yiuf
  2966 | D:4      | Reached skill level 7 in Stealth
  2966 | D:4      | Reached XP level 6. HP: 13/36 MP: 10/10
  3022 | D:4      | Noticed Ratboiler's ghost (average OpEn)
  3348 | D:4      | Noticed Natasha
  3371 | D:3      | Killed Natasha
  4075 | D:4      | Reached skill level 8 in Stealth
  4233 | D:4      | Learned a level 3 spell: Dazzling Spray
  4305 | D:4      | Reached XP level 7. HP: 41/41 MP: 12/12
  4362 | D:4      | Found a white marble altar of Elyvilon.
  4363 | D:4      | Noticed an ogre
  4370 | D:4      | Killed an ogre
  4370 | D:4      | Reached skill level 5 in Short Blades
  4579 | D:5      | Entered Level 5 of the Dungeon
  4879 | D:5      | Found a staircase to the Ecumenical Temple.
  4882 | D:5      | Found a glowing golden altar of the Shining One.
  5285 | D:5      | Found a shimmering altar of Xom.
  5557 | D:5      | Found a snail-covered altar of Cheibriados.
  5620 | D:5      | Found a shadowy altar of Dithmenos.
  5919 | D:6      | Reached XP level 8. HP: 25/47 MP: 13/13
  5956 | D:6      | Slain by a gnoll

Action                   |  1- 3 |  4- 6 |  7- 9 || total
-------------------------+-------+-------+-------++-------
Melee: Dagger            |    63 |   156 |    62 ||   281
       Unarmed           |     8 |       |       ||     8
       Quarterstaff      |       |     3 |     4 ||     7
 Cast: Corona            |     1 |       |       ||     1
       Ensorcelled Hiber |     3 |    16 |    15 ||    34
       Confuse           |       |     1 |     4 ||     5
Evoke: Wand              |       |       |     1 ||     1
  Use: Scroll            |       |     6 |     3 ||     9
       Potion            |       |       |     1 ||     1
 Stab: Sleeping          |    12 |    34 |    11 ||    57
       Confused          |       |     1 |     1 ||     2
  Eat: Chunk             |     2 |     7 |     3 ||    12
       Beef jerky        |       |     2 |     1 ||     3
       Pizza             |       |       |     1 ||     1
